 Dungeon Crawl Stone Soup version 0.22-a0-414-gacd343e8ff (webtiles) character file.

174 Kriby the Charmwright (level 5, -4/43 HPs)
             Began as a Gnoll Wanderer on May 14, 2018.
             Killed from afar by tmwh's ghost (15 damage)
             ... with an orb of energy
             ... on level 3 of the Dungeon.
             The game lasted 00:04:15 (2313 turns).

Kriby the Charmwright (Gnoll Wanderer)              Turns: 2313, Time: 00:04:16

Health: -4/43      AC: 10    Str: 15    XL:     5   Next: 54%
Magic:  8/8        EV:  4    Int: 13    God:
Gold:   183        SH:  0    Dex: 19    Spells: 2/7 levels left

rFire    + . .     SeeInvis .   b - +0 quarterstaff
rCold    . . .     Gourm    .   (shield currently unavailable)
rNeg     . . .     Faith    .   t - +0 plate armour
rPois    .         Spirit   .   (no helmet)
rElec    .         Reflect  .   (no cloak)
rCorr    .         Harm     .   (no gloves)
MR       .....                  (no boots)
Stlth    ..........             k - amulet of regeneration
HPRegen  0.54/turn              j - ring of protection from fire
MPRegen  0.11/turn              n - +3 ring of dexterity

@: about to teleport
A: distributed training, fangs 1, strong nose
a: no special abilities


You were on level 3 of the Dungeon.
You were not hungry.

You visited 1 branch of the dungeon, and saw 3 of its levels.

You collected 183 gold pieces.

Inventory:

Hand Weapons
 b - a +0 quarterstaff (weapon)
 i - a +0 war axe
Armour
 l - a +2 robe of positive energy
 o - a +0 ring mail
 t - a +0 plate armour (worn)
Jewellery
 d - an uncursed ring of flight
 j - a ring of protection from fire (left hand)
 k - an amulet of regeneration (around neck)
 n - a +3 ring of dexterity (right hand)
 q - an uncursed ring of protection from magic
Scrolls
 a - 2 scrolls of identify
 c - 2 scrolls of teleportation
 e - a scroll of fear
 g - a scroll of noise {unknown}
 h - a scroll of fog {unknown}
 m - 4 scrolls of remove curse {unknown}
 p - a scroll of blinking {unknown}
 r - a scroll of magic mapping
 s - a scroll of enchant armour {unknown}
Comestibles
 f - 4 rations


   Skills:
 + Level 4.8 Fighting
 + Level 1.5 Short Blades
 + Level 1.5 Long Blades
 + Level 1.5 Axes
 + Level 1.5 Maces & Flails
 + Level 1.5 Polearms
 + Level 4.8 Staves
 + Level 1.5 Slings
 + Level 1.5 Bows
 + Level 1.5 Crossbows
 + Level 1.5 Throwing
 + Level 1.5 Armour
 + Level 1.5 Dodging
 + Level 2.8 Stealth
 + Level 1.5 Shields
 + Level 1.5 Unarmed Combat
 + Level 1.5 Spellcasting
 + Level 1.2 Conjurations
 + Level 1.2 Hexes
 + Level 5.5 Charms
 + Level 1.2 Summonings
 + Level 1.2 Necromancy
 + Level 1.2 Translocations
 + Level 1.2 Transmutations
 + Level 1.2 Fire Magic
 + Level 1.2 Ice Magic
 + Level 1.2 Air Magic
 + Level 1.2 Earth Magic
 + Level 1.2 Poison Magic
 + Level 1.7 Invocations
 + Level 4.8 Evocations


You had 2 spell levels left.
You knew the following spells:

 Your Spells              Type           Power        Failure   Level  Hunger
a - Regeneration          Chrm/Necr      #.........   100%        3    ####...
b - Shroud of Golubria    Chrm/Tloc      #.........   100%        2    ###....

Your spell library contained the following spells:

 Spells                   Type           Power        Failure   Level  Hunger
 Infusion                 Chrm           ###.         94%         1    ##.....
 Song of Slaying          Chrm           ###.....     98%         2    ###....
 Spectral Weapon          Hex/Chrm       #.......     100%        3    ####...


Dungeon Overview and Level Annotations

Branches:
Dungeon (3/15)

Altars:
Ru
Wu Jian

Annotations:
D:3 1 exclusion, tmwh's ghost, amateur DrCj


Innate Abilities, Weirdness & Mutations

Your experience applies equally to all skills.
You have very sharp teeth.
Your uncanny sense of smell can sniff out nearby items.


Message History

Okay, then.
Found 25 sling bullets.
You see here 25 sling bullets.
f - 4 rations (gained 1)
You see here a club.
Tmwh's ghost is nearby!
Tmwh's ghost is nearby!
Tmwh's ghost turns its malevolent gaze towards you.
Tmwh's ghost points at you and mumbles some strange words.
The orb of energy hits you!
The orb of energy explodes!
As you read the scroll of teleportation, it crumbles to dust.
You feel strangely unstable.
Tmwh's ghost shouts, "You must not succeed where I failed!"
Tmwh's ghost gestures at you while chanting.
The orb of energy hits you!
* * * LOW HITPOINT WARNING * * *
The orb of energy explodes!
Tmwh's ghost casts a spell at you. The orb of energy hits you!
You die...

#### #.#.# #.###........#
...# #.#.###.?..........#
...# #...........#......#
...# ####........#......#
...# #..............##
...# #.........W....#
...# #..............#
...# #........#######
...# #..>....@# ...#
#........# ####
#........# #........#
#........# #........#
#....<...################
#...........)............
#######
########..###############


You could see tmwh's ghost.

Vanquished Creatures
  2 orc wizards
  3 gnolls (D:2)
  2 adders
  An ooze (D:1)
  A worm (D:3)
  A dart slug (D:1)
  A leopard gecko (D:2)
  4 orcs (D:3)
  6 bats
  9 goblins
  7 hobgoblins
  3 quokkas (D:2)
  2 ball pythons
  3 frilled lizards
  6 kobolds
  8 rats
  3 plants (D:2)
62 creatures vanquished.

Vanquished Creatures (others)
  A plant (D:2)
1 creature vanquished.

Grand Total: 63 creatures vanquished

Notes
Turn   | Place    | Note
-------+----------+-------------------------------------------
     0 | D:1      | Kriby the Gnoll Wanderer began the quest for the Orb.
     0 | D:1      | Kriby set off with: a +0 quarterstaff, a scroll of teleportation, a +0 robe, a ration
     0 | D:1      | Reached XP level 1. HP: 20/20 MP: 3/3
    87 | D:1      | Reached XP level 2. HP: 23/26 MP: 5/5
   591 | D:2      | Reached XP level 3. HP: 31/31 MP: 6/6
   667 | D:2      | Learned a level 3 spell: Regeneration
   682 | D:2      | Found a sacrificial altar of Ru.
   687 | D:2      | Reached skill level 1 in Short Blades
   687 | D:2      | Reached skill level 1 in Long Blades
   687 | D:2      | Reached skill level 1 in Axes
   687 | D:2      | Reached skill level 1 in Maces & Flails
   687 | D:2      | Reached skill level 1 in Polearms
   687 | D:2      | Reached skill level 1 in Slings
   687 | D:2      | Reached skill level 1 in Bows
   687 | D:2      | Reached skill level 1 in Crossbows
   687 | D:2      | Reached skill level 1 in Throwing
   687 | D:2      | Reached skill level 1 in Armour
   687 | D:2      | Reached skill level 1 in Dodging
   687 | D:2      | Reached skill level 1 in Shields
   687 | D:2      | Reached skill level 1 in Unarmed Combat
   687 | D:2      | Reached skill level 1 in Spellcasting
   687 | D:2      | Reached skill level 1 in Invocations
   696 | D:2      | Reached XP level 4. HP: 38/38 MP: 7/7
   713 | D:2      | Learned a level 2 spell: Shroud of Golubria
   963 | D:2      | Reached skill level 1 in Conjurations
   963 | D:2      | Reached skill level 1 in Hexes
   963 | D:2      | Reached skill level 1 in Summonings
   963 | D:2      | Reached skill level 1 in Necromancy
   963 | D:2      | Reached skill level 1 in Translocations
   963 | D:2      | Reached skill level 1 in Transmutations
   963 | D:2      | Reached skill level 1 in Fire Magic
   963 | D:2      | Reached skill level 1 in Ice Magic
   963 | D:2      | Reached skill level 1 in Air Magic
   963 | D:2      | Reached skill level 1 in Earth Magic
   963 | D:2      | Reached skill level 1 in Poison Magic
  1337 | D:2      | Found an ornate altar of the Wu Jian Council.
  1756 | D:3      | Noticed tmwh's ghost (amateur DrCj)
  1848 | D:3      | Reached XP level 5. HP: 41/43 MP: 8/8
  2313 | D:3      | Killed from afar by tmwh's ghost

Vault maps used:
D:1:      scummos_arrival_hexagon
D:2:      overflow_temple_1_default, first_ration, serial_bayou_lagoon_a,
          nicolae_ru_great_annihilating_truth

Skill      XL: |  1  2  3  4 |
---------------+-------------+-----
Short Blades   | 1 |  1.5
Long Blades    | 1 |  1.5
Axes           | 1 |  1.5
Maces & Flails | 1 |  1.5
Polearms       | 1 |  1.5
Slings         | 1 |  1.5
Bows           | 1 |  1.5
Crossbows      | 1 |  1.5
Throwing       | 1 |  1.5
Armour         | 1 |  1.5
Dodging        | 1 |  1.5
Shields        | 1 |  1.5
Unarmed Combat | 1 |  1.5
Spellcasting   | 1 |  1.5
Invocations    | 1 |  1.7
Conjurations   | 1 |  1.2
Hexes          | 1 |  1.2
Summonings     | 1 |  1.2
Necromancy     | 1 |  1.2
Translocations | 1 |  1.2
Transmutations | 1 |  1.2
Fire Magic     | 1 |  1.2
Ice Magic      | 1 |  1.2
Air Magic      | 1 |  1.2
Earth Magic    | 1 |  1.2
Poison Magic   | 1 |  1.2
Fighting       | |  4.8
Staves         | |  4.8
Stealth        | |  2.8
Charms         | |  5.5
Evocations     | |  4.8

Action                   |  1- 3 |  4- 6 || total
-------------------------+-------+-------++-------
Melee: Quarterstaff      |    47 |   173 ||   220
       Bite              |     4 |    24 ||    28
 Cast: Shroud of Golubri |       |     1 ||     1
  Use: Scroll            |     3 |     1 ||     4
       Potion            |       |     3 ||     3
 Stab: Sleeping          |     2 |     1 ||     3
       Invisible         |     1 |       ||     1
       Paralysed         |     1 |       ||     1
  Eat: Chunk             |       |     5 ||     5
Armor: Robe              |     6 |       ||     6
       Ring mail         |     3 |    31 ||    34
Dodge: Dodged            |    30 |    35 ||    65

Table legend:
 A = Spawn XP
 B = Non-spawn XP
 C = Spawn XP percentage of total XP
 D = Spawn monster count
 E = Non-spawn monster count
 F = Spawn count percentage of total count
 G = Total turns spent on level
                    A         B        C        D         E        F      G
               +---------+---------+-------+---------+---------+-------+---------
         Total |       0 |     249 |   0.0 |       0 |      59 |   0.0 |  2313
               +---------+---------+-------+---------+---------+-------+---------
           D:1 |       0 |      32 |   0.0 |       0 |      17 |   0.0 |   576
           D:2 |       0 |     125 |   0.0 |       0 |      22 |   0.0 |  1136
           D:3 |       0 |      92 |   0.0 |       0 |      20 |   0.0 |   601
               +---------+---------+-------+---------+---------+-------+---------
